[Event "11th LCC FIDE Open 2019"]
[Site "London"]
[Date "2019.11.29"]
[Round "1.39"]
[White "Berry, Neil"]
[Black "Lohia, Sohum"]
[Result "1-0"]
[ECO "E62"]
[WhiteElo "2250"]
[BlackElo "1889"]
[Annotator "ChessBase"]
[PlyCount "49"]
[EventDate "2019.11.29"]
[EventType "swiss"]
[EventCountry "ENG"]
[SourceTitle "playchess.com"]
[Source "ChessBase"]
[SourceQuality "1"]
[TimeControl "40/5400+30:1800+30"]

1. d4 Nf6 2. c4 g6 3. g3 Bg7 4. Bg2 O-O 5. Nc3 d6 6. Nf3 c6 7. O-O Qa5 8. e4 Bg4 9. h3 Bxf3 10. Qxf3 Nfd7 11. Rd1 Qb4 12. b3 c5 13. Nd5 Qa5 14. Nxe7+ Kh8 15. Bf4 Bxd4 16. Bxd6 Bxa1 17. Rxa1 Nc6 18. Nxc6 bxc6 19. e5 Rac8 20. Bxf8 Rxf8 21. Qxc6 Qc3 22. Rd1 Nxe5 23. Qxc5 Kg8 24. Qd4 Qxd4 25. Rxd4 1-0

[Event "11th LCC FIDE Open 2019"]
[Site "London"]
[Date "2019.11.29"]
[Round "1.40"]
[White "Hughes, Anthony"]
[Black "Blackburn, Jonathan Lb"]
[Result "0-1"]
[ECO "B07"]
[WhiteElo "1874"]
[BlackElo "2240"]
[Annotator "ChessBase"]
[PlyCount "97"]
[EventDate "2019.11.29"]
[EventType "swiss"]
[EventCountry "ENG"]
[SourceTitle "playchess.com"]
[Source "ChessBase"]
[SourceQuality "1"]
[TimeControl "40/5400+30:1800+30"]

1. e4 d6 2. d4 Nf6 3. Nc3 c6 4. h3 Qa5 5. Bd3 e5 6. Nf3 Nbd7 7. O-O Be7 8. Ne2 d5 9. dxe5 Nxe4 10. e6 fxe6 11. Bxe4 dxe4 12. Nd2 Nf6 13. Nc3 e3 14. fxe3 e5 15. Nde4 O-O 16. Nxf6+ Rxf6 17. Rxf6 Bxf6 18. Bd2 Be7 19. Qh5 Be6 20. Rf1 g6 21. Qe2 Qc5 22. b4 Qb6 23. Ne4 Qb5 24. Qxb5 cxb5 25. Bc3 Bf5 26. Nc5 b6 27. Nd3 Rc8 28. Bxe5 Rxc2 29. Nf4 Be4 30. Rd1 g5 31. Nd5 Rxg2+ 32. Kf1 Bxd5 33. Rxd5 Rxa2 34. Rxb5 Kf7 35. Bb8 Kg6 36. Bg3 h5 37. Bf2 Rb2 38. Be1 Bc5 39. Bc3 Rb1+ 40. Ke2 a6 41. Rxc5 bxc5 42. bxc5 Kf5 43. Kd3 g4 44. e4+ Ke6 45. hxg4 hxg4 46. Ba5 g3 47. c6 g2 48. c7 Kd7 49. Kd4 0-1

[Event "11th LCC FIDE Open 2019"]
[Site "London"]
[Date "2019.11.29"]
[Round "1.41"]
[White "Lee, Qing Aun"]
[Black "Gopakumar, Siddharth"]
[Result "1-0"]
[ECO "D01"]
[WhiteElo "2228"]
[BlackElo "1848"]
[Annotator "ChessBase"]
[PlyCount "49"]
[EventDate "2019.11.29"]
[EventType "swiss"]
[EventCountry "ENG"]
[SourceTitle "playchess.com"]
[Source "ChessBase"]
[SourceQuality "1"]
[TimeControl "40/5400+30:1800+30"]

1. d4 d5 2. Nc3 Nf6 3. Bg5 Bf5 4. f3 c6 5. Bxf6 exf6 6. e4 Be6 7. Qd3 Bb4 8. O-O-O O-O 9. Nge2 dxe4 10. fxe4 f5 11. d5 fxe4 12. Qxe4 Bxc3 13. dxe6 Bxb2+ 14. Kxb2 Qxd1 15. Nd4 fxe6 16. Bd3 Qh5 17. Nxe6 Re8 18. g4 Qh4 19. Rf1 Na6 20. Bc4 Kh8 21. Qd4 Qe7 22. Bb3 Nc7 23. Nxc7 Qxc7 24. Rf7 Qe5 25. Rf8+ 1-0

[Event "11th LCC FIDE Open 2019"]
[Site "London"]
[Date "2019.11.29"]
[Round "1.42"]
[White "Zhao, Haolin"]
[Black "McClement, Andrew"]
[Result "0-1"]
[ECO "B23"]
[WhiteElo "1842"]
[BlackElo "2226"]
[Annotator "ChessBase"]
[PlyCount "96"]
[EventDate "2019.11.29"]
[EventType "swiss"]
[EventCountry "ENG"]
[SourceTitle "playchess.com"]
[Source "ChessBase"]
[SourceQuality "1"]
[TimeControl "40/5400+30:1800+30"]

1. e4 c5 2. Nc3 Nc6 3. f4 g6 4. Nf3 Bg7 5. Bb5 Nd4 6. O-O Nxb5 7. Nxb5 d5 8. exd5 a6 9. Nc3 Nf6 10. d4 Nxd5 11. dxc5 Nxc3 12. Qxd8+ Kxd8 13. bxc3 Bxc3 14. Rd1+ Kc7 15. Rb1 Be6 16. Bb2 Bxb2 17. Rxb2 Rad8 18. Nd4 Bc4 19. c3 Rd5 20. Rdb1 Rb8 21. c6 b6 22. Re1 e6 23. a4 Rc5 24. Re3 Bd5 25. Kf2 Bxc6 26. Nxc6 Rxc6 27. Rd3 Rd8 28. Ke3 Rxd3+ 29. Kxd3 Rd6+ 30. Kc4 Rd1 31. g3 Kc6 32. Re2 h5 33. Rg2 Rf1 34. Rd2 h4 35. Rd3 Rf2 36. Kd4 Rxh2 37. gxh4 Rxh4 38. Ke5 Rh5+ 39. Ke4 Ra5 40. Rd4 Rc5 41. Rd8 Rc4+ 42. Ke5 Rxa4 43. Rf8 Ra5+ 44. Ke4 Rf5 45. Ra8 a5 46. Rd8 a4 47. Rd4 a3 48. Ra4 Ra5 0-1

[Event "11th LCC FIDE Open 2019"]
[Site "London"]
[Date "2019.11.29"]
[Round "1.43"]
[White "Akots, Gabor"]
[Black "Davis, Holden"]
[Result "1-0"]
[ECO "A96"]
[WhiteElo "2221"]
[BlackElo "1840"]
[Annotator "ChessBase"]
[PlyCount "87"]
[EventDate "2019.11.29"]
[EventType "swiss"]
[EventCountry "ENG"]
[SourceTitle "playchess.com"]
[Source "ChessBase"]
[SourceQuality "1"]
[TimeControl "40/5400+30:1800+30"]

1. d4 e6 2. c4 f5 3. g3 Nf6 4. Bg2 Be7 5. Nf3 O-O 6. O-O d6 7. Nc3 a5 8. Qc2 Nc6 9. e4 e5 10. dxe5 dxe5 11. exf5 Ng4 12. Rd1 Bxf5 13. Rxd8 Bxc2 14. Rxa8 Rxa8 15. h3 Nf6 16. Be3 Bd3 17. b3 Bb4 18. Nb5 a4 19. Rc1 axb3 20. axb3 e4 21. Ng5 Na5 22. Nxc7 Rc8 23. Nd5 Nxd5 24. cxd5 Rxc1+ 25. Bxc1 Nxb3 26. Be3 Nc5 27. Bxc5 Bxc5 28. Bxe4 Bxe4 29. Nxe4 Ba3 30. Kf1 h6 31. Ke2 Kf7 32. Kd3 Ke7 33. Kc4 Bb2 34. Kc5 Kd7 35. f3 Be5 36. f4 Bc7 37. d6 Ba5 38. Kd5 Bb4 39. f5 Be1 40. Nc5+ Kc8 41. d7+ Kc7 42. Ke6 Bxg3 43. Nxb7 Bh4 44. d8=Q+ 1-0

[Event "11th LCC FIDE Open 2019"]
[Site "London"]
[Date "2019.11.29"]
[Round "1.44"]
[White "Chidichimo, Pedro Jose Maria"]
[Black "Papadiamandis, Elliot"]
[Result "1/2-1/2"]
[ECO "D03"]
[WhiteElo "1831"]
[BlackElo "2220"]
[Annotator "ChessBase"]
[PlyCount "74"]
[EventDate "2019.11.29"]
[EventType "swiss"]
[EventCountry "ENG"]
[SourceTitle "playchess.com"]
[Source "ChessBase"]
[SourceQuality "1"]
[TimeControl "40/5400+30:1800+30"]

1. d4 Nf6 2. Nf3 g6 3. Bg5 Bg7 4. Nbd2 d5 5. e3 O-O 6. Bd3 b6 7. c3 Bb7 8. Qb1 Nbd7 9. O-O h6 10. Bh4 Qe8 11. Re1 e6 12. b4 a5 13. b5 Nh5 14. g4 Nhf6 15. h3 Qc8 16. Rc1 Ra7 17. Bg3 Ne8 18. c4 dxc4 19. Rxc4 Qa8 20. Be4 Nd6 21. Bxd6 cxd6 22. Bxb7 Qxb7 23. Rc6 Nb8 24. Rc3 f5 25. g5 hxg5 26. Nxg5 Qe7 27. h4 Kh8 28. Qb3 e5 29. Ndf3 e4 30. Ne1 Bf6 31. Ne6 Rg8 32. Ng2 Bxh4 33. Kf1 g5 34. Rac1 Nd7 35. Rc8 Ra8 36. R8c7 Rg6 37. d5 Rf6 1/2-1/2

[Event "11th LCC FIDE Open 2019"]
[Site "London"]
[Date "2019.11.29"]
[Round "1.45"]
[White "Dong, Bao Nghia"]
[Black "Tombolis, Christopher"]
[Result "1-0"]
[ECO "D59"]
[WhiteElo "2217"]
[BlackElo "1824"]
[Annotator "ChessBase"]
[PlyCount "95"]
[EventDate "2019.11.29"]
[EventType "swiss"]
[EventCountry "ENG"]
[SourceTitle "playchess.com"]
[Source "ChessBase"]
[SourceQuality "1"]
[TimeControl "40/5400+30:1800+30"]

1. d4 d5 2. c4 e6 3. Nc3 Nf6 4. Bg5 Be7 5. e3 O-O 6. Nf3 h6 7. Bh4 b6 8. cxd5 Nxd5 9. Nxd5 exd5 10. Bxe7 Qxe7 11. Rc1 Bg4 12. Qc2 c5 13. dxc5 Rc8 14. b4 bxc5 15. bxc5 Nd7 16. c6 Bxf3 17. gxf3 Ne5 18. c7 Nxf3+ 19. Kd1 Qb4 20. Qc3 Qa4+ 21. Rc2 d4 22. Qc6 Qxc6 23. Rxc6 dxe3 24. fxe3 Ne5 25. Rc3 Ng4 26. Ba6 Nxe3+ 27. Rxe3 Rxc7 28. Rhe1 Rd8+ 29. Bd3 Kf8 30. Ke2 Rc3 31. Rb1 Ra3 32. Bc4 Ra4 33. Bb3 Rh4 34. h3 Rb4 35. Rc1 Rb7 36. Rec3 Rdd7 37. Rc8+ Ke7 38. Ba4 Rb2+ 39. Ke3 Rd6 40. R1c7+ Kf6 41. Bb3 a5 42. Rxf7+ Kg6 43. Ra7 Rh2 44. Bc2+ Kh5 45. Rxg7 Rxh3+ 46. Kf4 Rh1 47. Rc5+ Kh4 48. Rg4+ 1-0

[Event "11th LCC FIDE Open 2019"]
[Site "London"]
[Date "2019.11.29"]
[Round "1.46"]
[White "Saidmurodov, Shahjahon"]
[Black "Granat, Russell G"]
[Result "1-0"]
[ECO "C51"]
[WhiteElo "1782"]
[BlackElo "2207"]
[Annotator "ChessBase"]
[PlyCount "59"]
[EventDate "2019.11.29"]
[EventType "swiss"]
[EventCountry "ENG"]
[SourceTitle "playchess.com"]
[Source "ChessBase"]
[SourceQuality "1"]
[TimeControl "40/5400+30:1800+30"]

1. e4 Nc6 2. Nf3 e5 3. Bc4 Bc5 4. b4 Bxb4 5. c3 Ba5 6. d4 exd4 7. O-O d6 8. cxd4 Bb6 9. Bb2 Bg4 10. d5 Ne5 11. Bb5+ Kf8 12. Nbd2 Ne7 13. Qb3 Bxf3 14. Nxf3 N7g6 15. Nxe5 Nxe5 16. Qg3 Qe7 17. Kh1 h5 18. f4 Ng4 19. Rae1 Rh6 20. h3 Rg6 21. Qf3 Qh4 22. f5 Rg5 23. Re2 Ne5 24. Bxe5 dxe5 25. f6 g6 26. Qa3+ Kg8 27. Qe7 Rf8 28. Rc2 Rg3 29. Qxe5 Rxh3+ 30. gxh3 1-0

[Event "11th LCC FIDE Open 2019"]
[Site "London"]
[Date "2019.11.29"]
[Round "1.47"]
[White "Rocco, Federico"]
[Black "Covey, Jason"]
[Result "1-0"]
[ECO "C18"]
[WhiteElo "2207"]
[BlackElo "1773"]
[Annotator "ChessBase"]
[PlyCount "71"]
[EventDate "2019.11.29"]
[EventType "swiss"]
[EventCountry "ENG"]
[SourceTitle "playchess.com"]
[Source "ChessBase"]
[SourceQuality "1"]
[TimeControl "40/5400+30:1800+30"]

1. e4 e6 2. d4 d5 3. Nc3 Bb4 4. e5 Ne7 5. a3 Bxc3+ 6. bxc3 c5 7. Qg4 Qc7 8. Qxg7 Rg8 9. Qxh7 cxd4 10. Ne2 Nbc6 11. f4 Bd7 12. Qd3 dxc3 13. Nxc3 Rc8 14. Nb5 Qd8 15. Nd6+ Kf8 16. Nxc8 Nxc8 17. g3 Nb6 18. Bg2 Nc4 19. O-O Qb6+ 20. Kh1 Nd4 21. a4 Nf5 22. Bh3 Nfe3 23. Bxe3 Nxe3 24. Rab1 Qc5 25. Rfe1 d4 26. Rxe3 dxe3 27. Qxd7 Qxc2 28. Qd1 Qf2 29. Rxb7 Kg7 30. Qg4+ Kf8 31. Rxf7+ Kxf7 32. Qxe6+ Kf8 33. Qd6+ Kf7 34. Qd7+ Kg6 35. Bf5+ Kh6 36. Qh7# 1-0

[Event "11th LCC FIDE Open 2019"]
[Site "London"]
[Date "2019.11.29"]
[Round "1.49"]
[White "Hill, Alistair"]
[Black "Barasi, Paul Dl"]
[Result "1-0"]
[ECO "B28"]
[WhiteElo "2193"]
[BlackElo "1770"]
[Annotator "ChessBase"]
[PlyCount "63"]
[EventDate "2019.11.29"]
[EventType "swiss"]
[EventCountry "ENG"]
[SourceTitle "playchess.com"]
[Source "ChessBase"]
[SourceQuality "1"]
[TimeControl "40/5400+30:1800+30"]

1. e4 c5 2. Nf3 a6 3. c3 g6 4. Be2 Bg7 5. O-O Nf6 6. e5 Nd5 7. d4 cxd4 8. cxd4 O-O 9. Qb3 e6 10. Nc3 Nxc3 11. bxc3 Nc6 12. Ba3 Re8 13. Nd2 f6 14. exf6 Bxf6 15. Ne4 Be7 16. Bxe7 Qxe7 17. Rfe1 b5 18. Nc5 Rb8 19. Bf3 Na5 20. Qc2 Rf8 21. Be4 d6 22. Nd3 Bd7 23. Nb4 Qf6 24. Nxa6 Rbc8 25. Re3 Bc6 26. Bxc6 Rxc6 27. Nb4 Rcc8 28. Qe2 Rxc3 29. Rxc3 Qxd4 30. Rac1 Qxb4 31. Qxe6+ Kh8 32. Rc8 1-0

[Event "11th LCC FIDE Open 2019"]
[Site "London"]
[Date "2019.11.29"]
[Round "1.50"]
[White "Drastik, Penelope"]
[Black "Russell, Christopher"]
[Result "1/2-1/2"]
[ECO "D24"]
[WhiteElo "1759"]
[BlackElo "2190"]
[Annotator "ChessBase"]
[PlyCount "78"]
[EventDate "2019.11.29"]
[EventType "swiss"]
[EventCountry "ENG"]
[SourceTitle "playchess.com"]
[Source "ChessBase"]
[SourceQuality "1"]
[TimeControl "40/5400+30:1800+30"]

1. d4 e6 2. Nf3 Nf6 3. c4 d5 4. Nc3 dxc4 5. e4 Bb4 6. Bxc4 Nxe4 7. O-O Nf6 8. Qa4+ Nc6 9. Ne5 Be7 10. Nxc6 bxc6 11. Qxc6+ Bd7 12. Qf3 O-O 13. Bf4 Rb8 14. b3 Rb6 15. d5 exd5 16. Nxd5 Nxd5 17. Qxd5 Rg6 18. Bg3 Qc8 19. Qa5 Bc6 20. f3 Qa8 21. Bd3 Rg5 22. Qxc7 Bc5+ 23. Kh1 Rh5 24. Qf4 Rd8 25. Bc4 Rf8 26. Rae1 Rh6 27. Qf5 Bb4 28. Re3 Rf6 29. Qg4 Bc5 30. Re5 Rg6 31. Rg5 Bd7 32. Qh5 Rxg5 33. Qxg5 Qc6 34. Rc1 Kh8 35. Bd3 Be7 36. Rxc6 Bxg5 37. Rc7 Rd8 38. h4 Be3 39. Bc4 Bf5 1/2-1/2

[Event "11th LCC FIDE Open 2019"]
[Site "London"]
[Date "2019.11.29"]
[Round "1.51"]
[White "Cordes, Hans-Joerg"]
[Black "Gilmore, Samuel"]
[Result "1-0"]
[ECO "E32"]
[WhiteElo "2188"]
[BlackElo "1757"]
[Annotator "ChessBase"]
[PlyCount "33"]
[EventDate "2019.11.29"]
[EventType "swiss"]
[EventCountry "ENG"]
[SourceTitle "playchess.com"]
[Source "ChessBase"]
[SourceQuality "1"]
[TimeControl "40/5400+30:1800+30"]

1. d4 Nf6 2. c4 e6 3. Nc3 Bb4 4. Qc2 b6 5. e4 Bb7 6. Bd3 Bxc3+ 7. bxc3 d6 8. f4 c5 9. Nf3 h6 10. O-O cxd4 11. cxd4 d5 12. exd5 exd5 13. Ba3 Nc6 14. Rfe1+ Kd7 15. cxd5 Nxd5 16. Ne5+ Nxe5 17. Bf5+ 1-0

[Event "11th LCC FIDE Open 2019"]
[Site "London"]
[Date "2019.11.29"]
[Round "1.53"]
[White "Johnson, Daniel"]
[Black "Gaier, Walter"]
[Result "1-0"]
[ECO "E80"]
[WhiteElo "2186"]
[BlackElo "1750"]
[Annotator "ChessBase"]
[PlyCount "80"]
[EventDate "2019.11.29"]
[EventType "swiss"]
[EventCountry "ENG"]
[SourceTitle "playchess.com"]
[Source "ChessBase"]
[SourceQuality "1"]
[TimeControl "40/5400+30:1800+30"]

1. d4 g6 2. c4 Bg7 3. Nc3 Nf6 4. e4 d6 5. f3 Nbd7 6. Nge2 c5 7. d5 a6 8. a4 b6 9. Bg5 Rb8 10. Ng3 Qc7 11. Qd2 h6 12. Be3 h5 13. Be2 Ne5 14. O-O h4 15. Nh1 h3 16. g3 Bd7 17. Nf2 Qc8 18. Kh1 Ng8 19. Rae1 Nh6 20. Qd1 f6 21. Bc1 Rh7 22. Qc2 Kf7 23. f4 Neg4 24. e5 dxe5 25. Nxg4 Bxg4 26. fxe5 Bf5 27. e6+ Kg8 28. Bd3 Bxd3 29. Qxd3 Nf5 30. Rxf5 gxf5 31. d6 Qc6+ 32. Nd5 exd6 33. Qxf5 Re8 34. Kg1 Qxa4 35. Qg6 Kh8 36. e7 Qc6 37. Bd2 b5 38. b3 b4 39. Re2 Qd7 40. Bc1 Qc6 1-0

[Event "11th LCC FIDE Open 2019"]
[Site "London"]
[Date "2019.11.29"]
[Round "1.54"]
[White "Gamal, Alaa"]
[Black "Abrahams, Daniel"]
[Result "0-1"]
[ECO "A30"]
[WhiteElo "1718"]
[BlackElo "2185"]
[Annotator "ChessBase"]
[PlyCount "108"]
[EventDate "2019.11.29"]
[EventType "swiss"]
[EventCountry "ENG"]
[SourceTitle "playchess.com"]
[Source "ChessBase"]
[SourceQuality "1"]
[TimeControl "40/5400+30:1800+30"]

1. c4 e6 2. g3 Nf6 3. Bg2 c5 4. Nc3 a6 5. e3 Qc7 6. Nge2 d6 7. b3 Bd7 8. d4 cxd4 9. exd4 Be7 10. d5 e5 11. O-O b5 12. cxb5 axb5 13. b4 O-O 14. Bb2 Qb6 15. Rc1 Na6 16. a3 Nc7 17. h3 Rac8 18. Kh2 Rfd8 19. f4 Nce8 20. f5 g6 21. g4 gxf5 22. g5 Nh5 23. Bf3 Nhg7 24. Qd2 Rc4 25. Na4 Qc7 26. Rxc4 Qxc4 27. Nb6 Qh4 28. Rg1 Qf2+ 29. Rg2 Qxf3 30. Nd4 exd4 31. Qxd4 Qe4 32. Qf2 Nh5 33. Rg1 Qf4+ 34. Qxf4 Nxf4 35. Bf6 Bxf6 36. gxf6+ Kf8 37. Rc1 Nxf6 38. Rc7 N4xd5 39. Nxd7+ Rxd7 40. Rc8+ Ke7 41. Rb8 Nc3 42. Rc8 Nfe4 43. Rh8 d5 44. Rxh7 d4 45. Rh5 Ke6 46. Rh6+ f6 47. Rh8 d3 48. Rg8 d2 49. Rg1 d1=Q 50. Rxd1 Rd6 51. Rd3 Rxd3 52. h4 Rd2+ 53. Kh3 Nd5 54. h5 Nf4+ 0-1